 Dungeon Crawl Stone Soup version 0.28-a0-199-g298df9dbad (webtiles) character file.

Game seed: 824759351192510440

201 zdrol the Chopper (level 5, 0/47 HPs)
             Began as a Minotaur Monk on Aug 19, 2021.
             Slain by an orc wizard (3 damage)
             ... on level 3 of the Dungeon.
             The game lasted 00:09:49 (2571 turns).

zdrol the Chopper (Minotaur Monk)                   Turns: 2571, Time: 00:09:51

Health: 0/47       AC:  4    Str: 17    XL:     5   Next: 50%
Magic:  4/4        EV: 13    Int:  7    God:
Gold:   81         SH:  0    Dex: 12    Spells: 4/4 levels left

rFire   . . .      SeeInvis .   a - +0 hand axe
rCold   . . .      Faith    .   (no shield)
rNeg    . . .      Spirit   .   b - +0 robe
rPois   .          Reflect  .   (helmet restricted)
rElec   .          Harm     .   (no cloak)
rCorr   .          Rampage  .   p - +0 pair of gloves
Will    .....                   f - +0 pair of boots
Stlth   ++........              (no amulet)
HPRegen 0.15/turn               (no ring)
MPRegen 0.09/turn               (no ring)

@: no status effects
A: horns 2, retaliatory headbutt
a: no special abilities


You were on level 3 of the Dungeon.
You visited 1 branch of the dungeon, and saw 3 of its levels.

You collected 81 gold pieces.

Inventory:

Hand Weapons
 a - a +0 hand axe (weapon)
Missiles
 l - 9 poisoned darts (quivered)
Armour
 b - a +0 robe (worn)
 f - a +0 pair of boots (worn)
 i - a +0 chain mail
 p - a +0 pair of gloves (worn)
Scrolls
 k - a scroll of magic mapping {unknown}
 m - a scroll of blinking {unknown}
 n - a scroll of amnesia {unknown}
 q - a scroll of acquirement {unknown}
Potions
 c - a potion of lignification {unknown}
 d - a potion of heal wounds {unknown}
 e - a potion of might {unknown}
 g - a potion of resistance {unknown}
 h - a potion of attraction {unknown}
 j - a potion of curing {unknown}
 o - a potion of degeneration {unknown}


   Skills:
 + Level 4.8 Fighting
 + Level 5.5 Axes
 + Level 0.3 Throwing
 + Level 4.2 Dodging
 + Level 2.5 Stealth


You had 4 spell levels left.
You didn't know any spells.
Your spell library was empty.

Dungeon Overview and Level Annotations

Branches:
Dungeon (3/15)

Altars:
Qazlal


Innate Abilities, Weirdness & Mutations

You have a pair of horns on your head.
You reflexively headbutt those who attack you in melee.


Message History

You are no longer poisoned.
The adder closely misses you. You furiously retaliate!
You headbutt the adder. The adder bites you.
You miss the adder. You headbutt the adder.
You kill the adder!
You barely miss something. Something hits you but does no damage.
You miss something. Something barely misses you.
You barely miss something.
You hear some strange, mumbled words.
Something tries to affect you, but you resist.
You slash something! Something hits you.
You hit something. Something hits you.
Things that are here:
a +0 hand axe; a +0 ring mail You hit something but do no damage.
Something hits you but does no damage.
You hit something but do no damage. Something hits you.
You hit something but do no damage. Something hits you but does no damage.
You miss something. Something hits you.
You closely miss something. Something hits you.
You closely miss something. Your headbutt misses something.
Something hits you but does no damage.
A magic dart appears from out of thin air!
The magic dart hits you!
A magic dart appears from out of thin air!
The magic dart hits you.
You hear some strange, mumbled words.
A puff of flame appears from out of thin air!
The puff of flame hits you!
* * * LOW HITPOINT WARNING * * *
A magic dart appears from out of thin air!
The magic dart hits you but does no damage.
You hear some strange, mumbled words.
Something tries to affect you, but you resist.
Something hits you.
* * * LOW HITPOINT WARNING * * *
Something hits you but does no damage.
You closely miss something. You headbutt something. Something hits you.
* * * LOW HITPOINT WARNING * * *
You hit something but do no damage. Something hits you.
You die...

##..#..... ..(.
....#.#### ((# ##..#.#
#)# ##..#.# #.# ....#.#
#)# ##### # #)# #
...... #.#.# #......
######{#.# #........
+.....@.(#
#.........######.###
#...........####.####.#
#.........#.#.........#
#.........#.#.##.######
#.........#.#.##.#
#.............##.#
'...........#....#
#...........#.##.#


There were no monsters in sight!

Vanquished Creatures
  The ghost of Zeldest the Insei, an amateur DsTm (D:3)
  Jessica (D:2)
  2 adders (D:3)
  3 dart slugs
  3 orcs (D:3)
  5 ball pythons
  4 bats
  5 endoplasms
  6 giant cockroaches
  10 hobgoblins
  4 kobolds
  2 quokkas
  5 frilled lizards
  8 goblins
  6 rats
65 creatures vanquished.

Vanquished Creatures (others)
  2 plants (D:1)
2 creatures vanquished.

Grand Total: 67 creatures vanquished

Notes
Turn   | Place    | Note
-------+----------+-------------------------------------------
     0 | D:1      | zdrol the Minotaur Monk began the quest for the Orb.
     0 | D:1      | Reached XP level 1. HP: 19/19 MP: 0/0
   295 | D:1      | Reached XP level 2. HP: 27/27 MP: 1/1
   494 | D:1      | Reached skill level 4 in Axes
   780 | D:1      | Reached XP level 3. HP: 33/33 MP: 2/2
  1369 | D:2      | Found a stormy altar of Qazlal.
  1591 | D:2      | Noticed Jessica
  1599 | D:2      | Killed Jessica
  1600 | D:2      | Reached XP level 4. HP: 40/41 MP: 3/3
  2162 | D:3      | Found a runed translucent gate.
  2162 | D:3      | Found a runed translucent gate.
  2162 | D:3      | Found a runed translucent gate.
  2163 | D:3      | Noticed Zeldest's ghost (amateur DsTm)
  2198 | D:3      | Killed Zeldest's ghost
  2199 | D:3      | Reached skill level 5 in Axes
  2199 | D:3      | Reached XP level 5. HP: 13/47 MP: 4/4
  2571 | D:3      | Slain by an orc wizard

Illustrated notes

Levels and vault maps discovered:
D:1:      lemuel_arrival_muddy, layout_loops_corners, minmay_stone_trees_small
D:2:      layout_loops_corners, basic_altar, uniq_jessica
D:3:      layout_basic, lemuel_round_altar, gammafunk_ghost_split

Skill      XL: |  1  2  3  4 |
---------------+-------------+-----
Fighting       | 4 |  4.8
Axes           | 4 5 |  5.5
Stealth        | 2 |  2.5
Dodging        | 4 |  4.2
Throwing       | |  0.3

Action                   |  1- 3 |  4- 6 || total
-------------------------+-------+-------++-------
Melee: Hand axe          |    93 |    74 ||   167
       Headbutt          |    14 |    10 ||    24
Throw: Dart              |     4 |     3 ||     7
 Stab: Sleeping          |     2 |     1 ||     3
Armor: Robe              |    15 |    21 ||    36
Dodge: Dodged            |    70 |    45 ||   115

Table legend: (Time is in decaauts)
 A = Elapsed time spent in this place.
 B = Non-inter-level travel time spent in this place.
 C = Inter-level travel time spent in this place.
 D = Time resting spent in this place.
 E = Time spent auto-exploring this place.
 F = Levels seen in this place.
 G = Mean time per level.
                   A        B        C        D        E       F      G
               +--------+--------+--------+--------+--------+-----+--------+
         Total |   2585 |   2585 |      0 |    222 |   1524 |   3 |  861.7 |
       Dungeon |   2585 |   2585 |      0 |    222 |   1524 |   3 |  861.7 |
               +--------+--------+--------+--------+--------+-----+--------+

Top non-repeatable levels by time:
     D:1: 1184 daAuts
     D:2: 934 daAuts
     D:3: 466 daAuts
